 Dungeon Crawl Stone Soup version 0.29.1-15-g9cfb28693d (webtiles) character file.

Game seed: 7494684773520441783

1775977 growler the Grand Master (level 24, 239/239 HPs)
             Began as a Pale Draconian Transmuter on Mar 7, 2023.
             Was the Champion of Wu Jian.
             Escaped with the Orb
             ... and 3 runes!
             The game lasted 03:44:58 (57874 turns).

growler the Grand Master (DrTm)                    Turns: 57874, Time: 03:44:59

Health: 239/239    AC: 21    Str: 14    XL:     24   Next: 83%
Magic:  39/39      EV: 24    Int: 17    God:    Wu Jian [******]
Gold:   6381       SH:  0    Dex: 27    Spells: 9/48 levels left

rFire   . . .      SeeInvis +     - Unarmed
rCold   . . .      Faith    .   (no shield)
rNeg    . . .      Spirit   .   (body armour unavailable)
rPois   +          Reflect  .   f - +2 hat
rElec   .          Harm     .   N - +2 cloak {Will+}
rCorr   .          Rampage  .   z - +2 pair of gloves {Stlth+}
Will    +++..                   m - +0 pair of boots of Atheism {Will+}
Stlth   ++........              n - amulet of regeneration
HPRegen 1.29/turn               V - ring of Xuseelus {rPois Str+2 Dex+6}
MPRegen 0.26/turn               T - ring of see invisible

@: no status effects
A: breathe steam, AC +12, unfitting armour, cold-blooded, steam resistance,
mutation resistance 1
0: Orb of Zot
}: 3/15 runes: decaying, abyssal, gossamer
a: Breathe Steam, Renounce Religion, Wall Jump, Serpent's Lash, Heavenly Storm


You escaped.
You worshipped Wu Jian.
Wu Jian was exalted by your worship.
You visited 10 branches of the dungeon, and saw 47 of its levels.
You visited the Abyss 3 times.
You also visited: Desolation.

You collected 7100 gold pieces.
You spent 719 gold pieces at shops.

Inventory:

Missiles
 k - 3 throwing nets
Armour
 f - a +2 hat (worn)
 m - the +0 pair of boots of Atheism (worn) {Will+}
   (You acquired it on level 2 of the Elven Halls)

   Will:      It increases your willpower.
 z - a +2 pair of gloves of stealth (worn)
 N - a +2 cloak of willpower (worn)
 Y - the +2 pair of boots of Qipteimi {Rampage +Inv}
   (You found it on level 2 of the Vaults)

   +Inv:      It lets you turn invisible.
   Rampage:   It bestows one free step when moving towards enemies.
Jewellery
 b - a ring of flight
 l - the amulet of the Stag {Reflect rPois rC+++ rN+ Dex-5 SH+5}
   (You found it in the Desolation of Salt)

   [amulet of reflection]

   It reflects blocked missile attacks.
   Dex:       It affects your dexterity (-5).
   rC:        It renders you almost immune to cold.
   rPois:     It protects you from poison.
   rN:        It protects you from negative energy.
   SH:        It affects your SH (+5).
 n - an amulet of regeneration (around neck)
 p - a ring of positive energy
 t - a +4 ring of protection
 F - a +4 ring of evasion
 Q - the ring "Lusuzesh" {MP+9 Str+4}
   (You found it on level 3 of the Elven Halls)

   [ring of magical power]

   Str:       It affects your strength (+4).
   MP:        It affects your magic capacity (+9).
 T - a ring of see invisible (right hand)
 U - the ring of Padozxah {rPois Dex+4}
   (You acquired it on level 2 of the Orcish Mines)

   [ring of poison resistance]

   Dex:       It affects your dexterity (+4).
   rPois:     It protects you from poison.
 V - the ring of Xuseelus (left hand) {rPois Str+2 Dex+6}
   (You found it on level 3 of the Elven Halls)

   [ring of dexterity]

   Str:       It affects your strength (+2).
   Dex:       It affects your dexterity (+6).
   rPois:     It protects you from poison.
 Z - a ring of protection from cold
Wands
 d - a wand of polymorph (17)
 o - a wand of roots (62)
 E - a wand of paralysis (63)
 J - a wand of mindburst (15)
 O - a wand of acid (24)
 P - a wand of flame (63)
Scrolls
 c - 3 scrolls of vulnerability
 e - 8 scrolls of amnesia
 u - 26 scrolls of teleportation
 v - 6 scrolls of blinking
 y - 2 scrolls of brand weapon
 C - 10 scrolls of immolation
 D - 4 scrolls of enchant armour
 I - 3 scrolls of torment
 K - 8 scrolls of poison
 L - 6 scrolls of fear
 M - 3 scrolls of enchant weapon
 S - a scroll of summoning
 X - 7 scrolls of butterflies
Potions
 a - 15 potions of lignification
 g - 2 potions of berserk rage
 h - 4 potions of might
 i - 10 potions of brilliance
 j - 25 potions of curing
 q - 10 potions of mutation
 r - 3 potions of invisibility
 s - 17 potions of ambrosia
 w - 8 potions of heal wounds
 x - 6 potions of magic
 B - 5 potions of attraction
 G - a potion of resistance
 H - 3 potions of flight
 R - 11 potions of haste
 W - 10 potions of cancellation


   Skills:
 + Level 24.3 Fighting
 + Level 11.8 Dodging
 - Level 7.3 Stealth
 O Level 27 Unarmed Combat
 + Level 12.5 Spellcasting
 - Level 12.0 Translocations
 - Level 16.0 Transmutations
 - Level 5.0 Ice Magic
 + Level 13.4 Air Magic


You had 9 spell levels left.
You knew the following spells:

 Your Spells              Type           Power      Damage    Failure   Level
a - Beastly Appendage     Tmut           100%       N/A       0%          1
b - Wereblood             Tmut           60%        N/A       0%          2
c - Spider Form           Tmut/Pois      37%        N/A       1%          3
d - Ice Form              Ice/Tmut       46%        N/A       1%          4
e - Blade Hands           Tmut           30%        N/A       1%          5
f - Dragon Form           Tmut           30%        N/A       8%          7
g - Manifold Assault      Tloc           51%        N/A       1%          5
h - Irradiate             Conj/Tmut      18%        3d17      7%          5
i - Storm Form            Tmut/Air       28%        N/A       13%         7

Your spell library contained the following spells:

 Spells                   Type           Power      Damage    Failure   Level
 Freeze                   Ice            100%       1d11      1%          1
 Shock                    Conj/Air       100%       1d9       1%          1
 Sting                    Tmut/Pois      100%       1d8       1%          1
 Blink                    Tloc           100%       N/A       1%          2
 Passwall                 Tmut/Erth      30%        N/A       1%          2
 Poisonous Vapours        Pois/Air       66%        N/A       1%          2
 Static Discharge         Conj/Air       33%        3-8/arc   1%          2
 Gell's Gravitas          Tloc           51%        N/A       1%          3
 Lesser Beckoning         Tloc           51%        N/A       1%          3
 Portal Projectile        Hex/Tloc       62%        N/A       1%          3
 Swiftness                Air            54%        N/A       1%          3
 Teleport Other           Tloc           51%        N/A       1%          3
 Airstrike                Air            27%        2d(4-20)  1%          4
 Frozen Ramparts          Ice            54%        1d9       2%          3
 Ignite Poison            Fire/Tmut/Pois 28%        N/A       2%          3
 Ensorcelled Hibernation  Hex/Ice        38%        N/A       3%          2
 Mephitic Cloud           Conj/Pois/Air  25%        N/A       3%          3
 Iskenderun's Mystic Bla  Conj/Tloc      31%        2d8       5%          4
 Foxfire                  Conj/Fire      40%        2x1d6     7%          1
 Sandblast                Erth           20%        2d7       7%          1
 Summon Small Mammal      Summ           40%        N/A       7%          1
 Alistair's Intoxication  Tmut/Pois      24%        N/A       7%          5
 Yara's Violent Unravell  Hex/Tmut       18%        3d9       7%          5
 Dispersal                Tloc           25%        N/A       8%          6
 Lightning Bolt           Conj/Air       16%        1d30      12%         5
 Silence                  Hex/Air        16%        N/A       12%         5
 Freezing Cloud           Conj/Ice/Air   15%        6-21      14%         5
 Summon Forest            Summ/Tloc      15%        N/A       16%         5
 Call Canine Familiar     Summ           10%        N/A       21%         3
 Confusing Touch          Hex            10%        N/A       21%         3
 Conjure Flame            Conj/Fire      10%        6-21      21%         3
 Dazzling Flash           Conj/Hex       20%        N/A       21%         3
 Inner Flame              Hex/Fire       10%        N/A       21%         3
 Stone Arrow              Conj/Erth      20%        3d8       21%         3
 Summon Guardian Golem    Hex/Summ       10%        N/A       21%         3
 Tukima's Dance           Hex            10%        N/A       21%         3
 Hailstorm                Conj/Ice       19%        3d6       24%         4
 Summon Ice Beast         Ice/Summ       19%        N/A       24%         4
 Eringya's Noxious Bog    Tmut/Pois      18%        N/A       36%         6
 Anguish                  Hex/Necr       5%         N/A       54%         4
 Cause Fear               Hex            5%         N/A       54%         4
 Dispel Undead            Necr           10%        3d9       54%         4
 Flame Wave               Conj/Fire      10%        2d6       54%         4
 Leda's Liquefaction      Hex/Erth       5%         N/A       54%         4
 Olgreb's Toxic Radiance  Pois           10%        N/A       54%         4
 Sticky Flame             Conj/Fire      10%        2d3       54%         4
 Conjure Ball Lightning   Conj/Air       16%        3x3d6     54%         6
 Maxwell's Capacitive Co  Air            27%        ∞         86%         8
 Agony                    Necr           10%        N/A       88%         5
 Borgnjor's Vile Clutch   Necr/Erth      5%         N/A       88%         5
 Summon Mana Viper        Hex/Summ       10%        N/A       88%         5
 Disjunction              Tloc           25%        N/A       97%         8
 Simulacrum               Ice/Necr       9%         N/A       98%         6
 Malign Gateway           Summ/Tloc      15%        N/A       99%         7
 Iron Shot                Conj/Erth      5%         9d2       100%        6
 Starburst                Conj/Fire      5%         6d4       100%        6
 Enfeeble                 Hex            5%         N/A       100%        7
 Monstrous Menagerie      Summ           5%         N/A       100%        7
 Orb of Destruction       Conj           5%         9d5       100%        7
 Spellforged Servitor     Conj/Summ      5%         N/A       100%        7
 Discord                  Hex            5%         N/A       100%        8
 Necromutation            Tmut/Necr      18%        N/A       100%        8
 Summon Horrible Things   Summ           5%         N/A       100%        8
 Chain Lightning          Conj/Air       16%        3d22      100%        9
 Dragon's Call            Summ           5%         N/A       100%        9
 Polar Vortex             Ice            13%        N/A       100%        9
 Animate Armour           Summ/Erth      Unusable   N/A       N/A         4

Dungeon Overview and Level Annotations

Branches:
Dungeon (15/15)            Temple (1/1) D:6            Lair (5/5) D:9
  Swamp (4/4) Lair:3       Spider (4/4) Lair:2        Slime (0/5) Lair:4
    Orc (2/2) D:12            Elf (3/3) Orc:2        Vaults (4/5) D:14
  Crypt (0/3) Vaults:3     Depths (4/4) D:15            Zot (5/5) Depths:4
Desolation (visited)

Altars:
Ashenzari
Cheibriados
Dithmenos
Elyvilon
Fedhas
Gozag
Hepliaklqana
Kikubaaqudgha
Makhleb
Nemelex Xobeh
Okawaru
Qazlal
Ru
Sif Muna
Trog
Uskayaw
Vehumet
Wu Jian
Xom
Yredelemnul
Zin
The Shining One
Jiyva

Shops:
D:5 (   D:7 ?   D:8 *   D:9 [   Orc:2 *=((?   Elf:2 [   Vaults:4 !
Depths:1 (??

Portals:
Hell: Depths:1 Depths:2 Depths:3 Depths:4
Abyss: Depths:1 Depths:3 Depths:4
Pandemonium: Depths:1 Depths:2
Ziggurat: Depths:4
Trove: Depths:4 (give 7 scrolls of blinking)

Annotations:
D:2 Terence
D:8 Psyche
D:12 5 runed translucent doors, exclusion: orange crystal statue, Kazon's ghost, journeyman VSFi
Spider:4 2 transporters, Smoke131's ghost, adept OgGl
Orc:2 3 runed translucent doors, Unforgiven's ghost, journeyman OpCj
Elf:2 3 runed translucent doors
Vaults:3 2 transporters, exclusion: orange crystal statue


Innate Abilities, Weirdness & Mutations

You can breathe blasts of scalding, opaque steam.
Your pale cyan-grey scales are hard. (AC +12)
You cannot fit into any form of body armour.
You are cold-blooded and may be slowed by cold attacks.
You are immune to the effects of steam.
You are somewhat resistant to further mutation.


Message History

a +0 robe; a +3 halberd of freezing
There is a stone staircase leading up, spattered with blood here.
You fly upwards.
There is a stone staircase leading down here.
Items here: )) [[.
There is a stone staircase leading up here.
You fly upwards.
Level annotation: Terence
There is a stone staircase leading down here.
Your transformation is almost over.
A reaper comes into view.
It is wielding a +0 scythe of protection.
The reaper barely misses you.
The reaper hits you with a +0 scythe of protection!!
A tormentor comes into view.
You spin and attack the reaper repeatedly.
You maul the reaper!!!
The reaper is severely wounded.
You maul the reaper!!!
You kill the reaper!
The Council accepts your kill.
You spin and attack the tormentor repeatedly.
You maul the tormentor!!!
Your tail-slap misses the tormentor.
You claw the tormentor.
You kill the tormentor!
The Council accepts your kill.
Your transformation has ended.
Your +2 cloak of willpower unmelds from your body.
Your +2 hat unmelds from your body.
Your +2 pair of gloves of stealth unmelds from your body.
The +0 pair of boots of Atheism {Will+} unmelds from your body.
You feel strong-willed.
You feel stealthy.
There is a stone staircase leading up, spattered with blood here.
You climb upwards.
There is a stone staircase leading down here.
There is an open door here.
Things that are here:
3 stones; a +0 whip
There is an open door here.
There is a staircase leading out of the dungeon here.
You have escaped!

..#....#
#...#~.~#≈≈≈#
..#....#
#...#~.~#§§.#
..######
#...#~.~#§§.#
..#
#...#...#...#
..#
#...........#
..#
#...........#
###
#...........#
#...........#
#.....@.....#
#...........#
#############


There were no monsters in sight!

Vanquished Creatures
  An ancient lich (Zot:5)
  2 orbs of fire (Zot:5)
  Josephina (Zot:4)
  the Lernaean hydra (Swamp:4)
  12 Killer Klowns
  2 curse toes (Zot:4)
  3 caustic shrikes (Depths:4)
  A profane servitor (Depths:4)
  8 golden dragons
  the Enchantress (Depths:1)
  3 bone dragons
  2 electric golems (Zot:5)
  14 tentacled monstrosities
  Jorgrun (Swamp:1)
  An Ice Fiend (D:15)
  29 Orb Guardians
  3 liches
  2 deep elf blademasters (Elf:3)
  Asterion (Depths:1)
  2 deep elf master archers (Elf:3)
  2 quicksilver dragons
  An ancient champion (Depths:1)
  Gastronok (Orc:1)
  6 death cobs
  A tentacled starspawn (Abyss:3)
  9 storm dragons
  Kirke (Lair:4)
  A thorn hunter (Swamp:4)
  2 tengu reavers
  Donald (Swamp:4)
  A draconian monk (Depths:4)
  A demonspawn warmonger (D:9)
  6 shadow dragons
  An azure jelly (Lair:5)
  6 deep elf sorcerers
  6 fire giants
  10 frost giants
  3 emperor scorpions
  13 vault wardens
  An imperial myrmidon (Desolation)
  6 draconian knights
  2 cacodemons
  3 draconian scorchers
  An orc warlord (Vaults:2)
  6 ghost moths
  A draconian stormcaller (Zot:2)
  4 draconian shifters
  4 spectral caustic shrikes (Depths:2)
  A deep elf elementalist (Elf:3)
  3 draconian annihilators
  A reaper (D:2)
  Louise (Swamp:1)
  2 ghouls (Swamp:4)
  2 quicksilver oozes (Lair:5)
  A war gargoyle (Vaults:2)
  16 ironbound preservers
  A broodmother (shapeshifter) (D:14)
  4 spriggan defenders
  2 angels (Vaults:3)
  7 green draconians
  5 stone giants
  A demonspawn blood saint (D:9)
  21 very ugly things
  7 ironbound thunderhulks
  4 broodmothers
  9 deep elf annihilators
  5 deep elf demonologists (Elf:3)
  2 vampire knights
  7 black draconians
  9 white draconians
  6 eleionomae
  10 purple draconians
  7 bunyips
  7 entropy weavers
  4 red draconians
  16 yellow draconians
  9 spark wasps
  11 dire elephants
  3 blizzard demons
  An ettin (Depths:3)
  A merfolk javelineer (Depths:1)
  5 deep elf death magi
  9 great orbs of eyes
  3 crystal guardians
  9 ragged hierophants (Desolation)
  4 fire dragons
  5 vault guards
  3 deep elf high priests
  Fannar (Lair:1)
  9 yaktaur captains
  13 boulder beetles
  7 servants of whispers (Desolation)
  4 rakshasas
  A spriggan zombie (Depths:1)
  12 ice dragons
  21 hydras
  A hell beast (Depths:1)
  A death knight (D:14)
  2 ogre magi
  8 peacekeepers
  6 radroaches
  A ghost crab (Swamp:4)
  5 ironbound frosthearts
  3 jorogumos (Spider:4)
  8 centaur warriors
  4 spriggan air magi
  4 two-headed ogres
  12 dancing weapons
  8 alligators
  5 deep troll shamans
  A vampire mage (Depths:2)
  7 deep troll earth magi
  A hell hog (Depths:1)
  4 tengu warriors (D:15)
  3 death yaks (Lair:3)
  3 spriggan berserkers
  A thrashing horror (Abyss:3)
  8 deep elf knights
  8 pharaoh ants
  3 sixfirhies
  4 wretched stars (Abyss:3)
  A fire crab (Lair:5)
  A sun demon (Depths:1)
  4 iron trolls
  A glowing orange brain (Depths:1)
  3 sun moths (Spider:4)
  10 steelbarb worms
  3 goliath frogs
  2 golden dragon zombies (Depths:2)
  49 deep trolls
  A spriggan druid (Swamp:3)
  4 starcursed masses (Abyss:3)
  8 skeletal warriors
  3 flayed ghosts
  A death drake (Swamp:3)
  3 phantasmal warriors
  16 ironbound convokers
  9 orb spiders
  21 wizards
  9 swamp dragons
  17 bog bodies
  3 deep elf archers
  15 lindwurms
  39 ugly things
  6 necromancers
  7 harpies (Vaults:1)
  14 orc sorcerers
  An oklob plant (Lair:5)
  Pikel (D:6)
  23 deep elf zephyrmancers
  An iron dragon zombie (Vaults:4)
  23 wolf spiders
  A manticore (D:11)
  A stone giant zombie (Vaults:3)
  15 deep elf pyromancers
  A worldbinder (Abyss:2)
  4 will-o-the-wisps
  8 cyclopes
  16 moths of wrath
  Maurice (D:8)
  An iron dragon skeleton (Depths:1)
  11 black mambas
  2 guardian serpents (Desolation)
  5 molten gargoyles
  A guardian serpent (shapeshifter) (Elf:2)
  21 elephants
  A fire giant skeleton (Depths:2)
  A smoke demon (Abyss:3)
  A frost giant skeleton (Depths:2)
  A rust devil (Abyss:3)
  22 vault sentinels
  An eye of devastation (shapeshifter) (Depths:1)
  A gargoyle (D:13)
  9 torpor snails
  9 cane toads
  2 unseen horrors (Abyss:3)
  Maggie (D:6)
  A tormentor (D:2)
  An ice devil (Zot:3)
  14 komodo dragons
  11 demonic crawlers
  2 kobold demonologists
  3 ancient zymes
  A rime drake (Lair:4)
  An efreet (Abyss:3)
  34 yaktaurs
  A golden dragon simulacrum (Zot:4)
  4 red devils
  2 trolls
  A yaktaur skeleton (Vaults:4)
  2 queen bees
  3 tengu conjurers (Depths:2)
  A polar bear (Lair:3)
  A bloated husk (Swamp:2)
  A human skeleton (Vaults:3)
  8 meliai
  11 tyrant leeches
  13 hornets
  Grinder (D:3)
  55 saltlings (Desolation)
  2 hornets (shapeshifter) (D:14)
  4 raiju (Abyss:2)
  37 tarantellas
  Prince Ribbit (D:6)
  An ettin zombie (Vaults:4)
  33 slime creatures
  9 blink frogs
  5 dream sheep (Lair:4)
  A draconian simulacrum (Zot:4)
  2 wyverns
  21 culicivoras
  4 air elementals
  Sigmund (D:6)
  27 jumping spiders
  4 shadows
  A spriggan skeleton (Depths:1)
  15 spriggans
  5 water elementals
  7 wraiths
  6 flying skulls (Abyss:2)
  7 hogs (Lair:4)
  A hog (shapeshifter) (Abyss:3)
  An ettin skeleton (Vaults:3)
  2 ynoxinuls
  8 large abominations (Abyss:3)
  Eustachio (D:4)
  41 yaks
  5 fire elementals
  3 basilisks
  2 neqoxecs (Abyss:3)
  62 redbacks
  14 vampire mosquitoes
  2 chaos spawn (Depths:1)
  Edmund (D:4)
  A human zombie (Depths:1)
  2 wargs
  9 swamp worms
  4 acid dragons
  11 water moccasins
  A glowing shapeshifter zombie (Vaults:4)
  2 moth of wrath simulacra (Zot:4)
  A small abomination (Abyss:3)
  3 hell hounds (Lair:5)
  A floating eye (Depths:3)
  8 swamp drakes
  An ice beast (D:7)
  9 orc warriors
  2 sky beasts
  9 ogres
  9 wolves
  A boggart (Vaults:1)
  2 centaurs
  2 lemures (D:5)
  5 kobold brigands
  2 phantoms
  Blork the orc (D:4)
  10 bullfrogs
  2 necrophages
  A gnoll sergeant (D:9)
  An earth elemental (Abyss:3)
  2 scorpions
  23 wights
  3 troll zombies (D:12)
  31 killer bees
  3 howler monkeys
  2 electric eels (Elf:3)
  A crimson imp (D:9)
  A quasit (Abyss:3)
  5 lava snakes (Lair:5)
  11 orc priests
  4 hounds
  2 gnoll boudas
  15 jellies
  Jessica (D:3)
  6 iguanas
  41 orc wizards
  13 hell rats
  5 ogre zombies (D:12)
  Robin (D:4)
  13 gnolls
  7 adders
  4 white imps
  2 ufetubi
  A worm (D:2)
  2 dart slugs
  63 orcs
  8 endoplasms
  2 giant cockroaches (D:1)
  25 goblins
  7 hobgoblins
  6 jackals
  5 quokkas
  7 ball pythons
  4 bats
  3 frilled lizards
  2 goblin skeletons (D:12)
  4 hobgoblin zombies (D:12)
  14 kobolds
  2 orc skeletons (D:12)
  17 orc zombies (D:12)
  6 rats
  A lurking horror (Abyss:3)
  A starspawn tentacle (Abyss:3)
2013 creatures vanquished.

Vanquished Creatures (others)
  A fire giant (Vaults:2)
  A deep troll (Vaults:3)
  2 bloated husks
  A jumping spider (Spider:2)
  An orc wizard (Orc:2)
  A bush (Swamp:4)
  8 foxfires
  24 fungi
  61 plants
  A starspawn tentacle (Abyss:3)
101 creatures vanquished.

Grand Total: 2114 creatures vanquished

Notes
Turn   | Place    | Note
-------+----------+-------------------------------------------
     0 | D:1      | growler the Draconian Transmuter began the quest for the
                  | Orb.
     0 | D:1      | Reached XP level 1. HP: 16/16 MP: 3/3
   198 | D:1      | Reached XP level 2. HP: 22/23 MP: 5/5
   209 | D:1      | Learned a level 2 spell: Wereblood
   840 | D:1      | Reached XP level 3. HP: 27/28 MP: 6/6
   844 | D:1      | Learned a level 3 spell: Spider Form
  1053 | D:2      | Noticed Terence
  1650 | D:2      | Reached XP level 4. HP: 35/35 MP: 8/8
  2242 | D:3      | Noticed Jessica
  2261 | D:3      | Killed Jessica
  2262 | D:3      | Reached skill level 4 in Unarmed Combat
  2658 | D:3      | Reached XP level 5. HP: 26/40 MP: 5/9
  2676 | D:3      | Learned a level 4 spell: Ice Form
  2894 | D:3      | Noticed Grinder
  2900 | D:3      | Paralysed by Grinder for 3 turns
  2908 | D:3      | Killed Grinder
  2909 | D:3      | Reached skill level 6 in Unarmed Combat
  2909 | D:3      | Reached XP level 6. HP: 27/47 MP: 7/10
  3231 | D:3      | Your scales start taking on a pale cyan-grey colour.
  3231 | D:3      | Reached XP level 7. HP: 40/52 MP: 7/11
  3231 | D:3      | Gained mutation: You are immune to the effects of steam.
                  | [Pale Draconian growth]
  3324 | D:3      | Reached skill level 7 in Unarmed Combat
  3451 | D:3      | Reached skill level 8 in Unarmed Combat
  3485 | D:4      | Identified the +1 long sword of Devotion {vorpal, rF+ rC-
                  | Int+2}
  3526 | D:4      | You fall into a shaft and drop 3 floors!
  3534 | D:6      | Noticed Maggie
  3535 | D:6      | Found a staircase to the Ecumenical Temple.
  3541 | Temple   | Entered the Ecumenical Temple
  3918 | D:7      | Reached XP level 8. HP: 53/59 MP: 12/12
  3943 | D:7      | Found a glowing silver altar of Zin.
  3943 | D:7      | Noticed an angel
  3979 | D:7      | Identified the +1 leather armour "Bifaas" {rPois rF+ Str+5
                  | Int-2}
  4103 | D:7      | Reached skill level 9 in Unarmed Combat
  4106 | D:7      | Found a shadowy altar of Dithmenos.
  4106 | D:7      | Found a basalt altar of Yredelemnul.
  4107 | D:7      | Found a broken altar of Ashenzari.
  4174 | D:7      | Found Sidwitif's Magic Scroll Boutique.
  4195 | D:6      | Noticed Pikel
  4201 | D:5      | Entered Level 5 of the Dungeon
  4382 | D:5      | Found Cim Lauf's Antique Weapon Shop.
  4433 | D:5      | Reached skill level 10 in Unarmed Combat
  4576 | D:5      | Found a radiant altar of Vehumet.
  4626 | D:5      | Reached skill level 1 in Ice Magic
  4736 | D:5      | Found a bloodstained altar of Trog.
  5122 | D:4      | Noticed Edmund
  5130 | D:4      | Killed Edmund
  5214 | D:4      | Noticed Robin
  5226 | D:4      | Killed Robin
  5318 | D:4      | Noticed Blork the orc
  5328 | D:4      | Killed Blork the orc
  5329 | D:4      | Reached XP level 9. HP: 63/68 MP: 14/14
  5449 | D:4      | Found an ornate altar of the Wu Jian Council.
  5449 | D:4      | Found a stormy altar of Qazlal.
  5449 | D:4      | Noticed Eustachio
  5458 | D:4      | Killed Eustachio
  5461 | D:4      | Became a worshipper of the Wu Jian Council
  6036 | D:6      | Killed Pikel
  6037 | D:6      | Reached skill level 5 in Transmutations
  6099 | D:6      | Identified the +10 dagger of Cobwebs {freeze, Stlth+}
  6117 | D:6      | Killed Maggie
  6145 | D:6      | Noticed Sigmund
  6155 | D:6      | Killed Sigmund
  6238 | D:6      | Found an opulent altar of Gozag.
  6414 | D:6      | Noticed Prince Ribbit
  6427 | D:6      | Killed Prince Ribbit
  6549 | D:7      | Reached skill level 5 in Fighting
  6616 | D:7      | Reached * piety under Wu Jian
  6806 | D:7      | Reached skill level 11 in Unarmed Combat
  6829 | D:7      | Reached XP level 10. HP: 77/81 MP: 16/16
  7304 | D:8      | Noticed Maurice
  7378 | D:8      | Killed Maurice
  7379 | D:8      | Reached skill level 5 in Ice Magic
  7618 | D:8      | Found Bifec's Serpentskin Sales.
  7725 | D:8      | Reached ** piety under Wu Jian
  8075 | D:9      | Found Cudon's Armour Shoppe.
  8084 | D:9      | Bought a +1 cloak of willpower for 264 gold pieces
  8114 | D:9      | Found a staircase to the Lair.
  8153 | D:9      | Reached skill level 12 in Unarmed Combat
  8355 | D:9      | Noticed a two-headed ogre
  8362 | D:9      | Killed a two-headed ogre
  8413 | D:9      | Found a glowing golden altar of the Shining One.
  8566 | D:9      | Reached XP level 11. HP: 95/95 MP: 13/17
  8606 | D:9      | Found a burning altar of Makhleb.
  8606 | D:9      | Found a shimmering altar of Xom.
  8850 | D:10     | Entered Level 10 of the Dungeon
  9019 | D:10     | Reached *** piety under Wu Jian
  9149 | D:10     | Reached skill level 13 in Unarmed Combat
  9270 | D:10     | Identified the +7 long sword of Desertification {vorpal,
                  | Dex+4 Stlth+}
  9323 | D:10     | Reached skill level 10 in Fighting
  9540 | D:10     | Found an iron altar of Okawaru.
 10056 | D:11     | Noticed a two-headed ogre
 10141 | D:11     | Killed a two-headed ogre
 10657 | Lair:1   | Entered Level 1 of the Lair of Beasts
 10789 | Lair:1   | Reached **** piety under Wu Jian
 10894 | Lair:1   | Reached skill level 14 in Unarmed Combat
 11231 | Lair:1   | Reached XP level 12. HP: 112/112 MP: 13/18
 11596 | Lair:1   | Noticed Fannar
 11616 | Lair:1   | Killed Fannar
 12213 | Lair:2   | Found a hole to the Spider Nest.
 12377 | Lair:2   | Identified the +9 sling of Voeduargh {freeze, rPois Will+}
 13087 | Lair:3   | Reached skill level 15 in Unarmed Combat
 13123 | Lair:3   | Noticed a death yak
 13126 | Lair:3   | Noticed a death yak
 13142 | Lair:3   | Killed a death yak
 13142 | Lair:3   | Noticed a death yak
 13150 | Lair:3   | Killed a death yak
 13160 | Lair:3   | Killed a death yak
 13378 | Lair:3   | Reached ***** piety under Wu Jian
 13411 | Lair:3   | Noticed an eight-headed hydra
 13420 | Lair:3   | Killed an eight-headed hydra
 13649 | Lair:3   | Found a staircase to the Swamp.
 13777 | Lair:3   | Reached skill level 16 in Unarmed Combat
 13777 | Lair:3   | Reached XP level 13. HP: 102/124 MP: 15/19
 14585 | Lair:4   | Found a viscous altar of Jiyva.
 14602 | Lair:4   | Found a staircase to the Slime Pits.
 14608 | Lair:4   | Reached skill level 15 in Fighting
 14780 | Lair:4   | Learned a level 5 spell: Blade Hands
 14876 | Lair:4   | Reached skill level 1 in Stealth
 15071 | Lair:4   | Noticed Kirke
 15121 | Lair:4   | Killed Kirke
 15504 | Lair:5   | Entered Level 5 of the Lair of Beasts
 15551 | Lair:5   | Noticed a quicksilver ooze
 15590 | Lair:5   | Reached skill level 17 in Unarmed Combat
 15689 | Lair:5   | Got Ziziotor's Compilation of the Pyre and Assembling
 16602 | Lair:5   | Reached ****** piety under Wu Jian
 16624 | Lair:5   | Reached XP level 14. HP: 135/135 MP: 15/20
 16806 | Lair:5   | Killed a quicksilver ooze
 16836 | Lair:5   | Noticed a quicksilver ooze
 16844 | Lair:5   | Killed a quicksilver ooze
 16908 | Lair:5   | Noticed an azure jelly
 16923 | Lair:5   | Killed an azure jelly
 17023 | Lair:5   | Found a viscous altar of Jiyva.
 17138 | Lair:5   | Reached skill level 5 in Dodging
 17138 | Lair:5   | Reached skill level 5 in Stealth
 17357 | Lair:5   | Found a large runed translucent door.
 17366 | Lair:5   | Found a large runed translucent door.
 17883 | D:12     | Found a staircase to the Orcish Mines.
 18198 | D:12     | Identified the +9 shortbow of the Vendetta {vorpal, Int+4}
 18528 | D:12     | Identified the +7 plate armour "Debb" {Rampage rN+}
 18531 | D:12     | Found a runed translucent gate.
 18531 | D:12     | Found a runed translucent gate.
 18532 | D:12     | Found a runed translucent gate.
 18532 | D:12     | Noticed Kazon's ghost (journeyman VSFi)
 18537 | D:12     | Identified the +4 sling "Rucif" {vorpal, rC- rN+ Int+3}
 18542 | D:12     | Found a large runed translucent door.
 18545 | D:12     | Found a large runed translucent door.
 18545 | D:12     | Found a shimmering altar of Xom.
 18985 | Orc:1    | Entered Level 1 of the Orcish Mines
 19171 | Orc:2    | Entered Level 2 of the Orcish Mines
 19172 | Orc:2    | Found a staircase to the Elven Halls.
 19242 | Orc:1    | Noticed Gastronok
 19251 | Orc:1    | Killed Gastronok
 19422 | Orc:2    | Found Luosoptum's Assorted Antiques.
 19628 | Orc:2    | Found a runed translucent gate.
 19628 | Orc:2    | Found a runed translucent gate.
 19628 | Orc:2    | Found a runed translucent gate.
 19704 | Orc:2    | Noticed Unforgiven's ghost (journeyman OpCj)
 20006 | Orc:2    | Found an ancient bone altar of Kikubaaqudgha.
 20029 | Orc:2    | Found Zimoddic's Antique Weapon Shop.
 20061 | Orc:2    | Found a radiant altar of Vehumet.
 20145 | Orc:2    | Found Qoacru's Jewellery Shop.
 20147 | Orc:2    | Found Qeivveos's Magic Scroll Boutique.
 20160 | Orc:2    | Found Mihuqoraf's Antique Weapon Boutique.
 20167 | Orc:2    | Reached skill level 18 in Unarmed Combat
 20170 | Orc:2    | Bought a ring of see invisible for 210 gold pieces
 20563 | D:13     | Reached XP level 15. HP: 83/141 MP: 16/21
 21315 | D:14     | Found a gate to the Vaults.
 21326 | D:14     | Reached skill level 10 in Transmutations
 22137 | D:15     | Entered Level 15 of the Dungeon
 22429 | D:15     | Found a staircase to the Depths.
 22429 | D:15     | Noticed a frost giant
 22437 | D:15     | Killed a frost giant
 22628 | D:15     | Got the Treatise on Tainted Companions
 23255 | D:15     | Learned a level 7 spell: Dragon Form
 23385 | Orc:2    | Bought a ring of flight for 245 gold pieces
 23393 | Orc:2    | Identified a scroll of acquirement
 23400 | Orc:2    | Acquired the ring of Padozxah {rPois Dex+4}
 23620 | Swamp:1  | Entered Level 1 of the Swamp
 23764 | Swamp:1  | Noticed Jorgrun
 23879 | Swamp:1  | Killed Jorgrun
 24074 | Swamp:1  | Noticed Louise
 24090 | Swamp:1  | Killed Louise
 24674 | Swamp:2  | Reached skill level 19 in Unarmed Combat
 25494 | Swamp:3  | Reached XP level 16. HP: 136/149 MP: 17/23
 25818 | Swamp:3  | Reached skill level 5 in Spellcasting
 25980 | Spider:1 | Entered Level 1 of the Spider Nest
 26194 | Spider:1 | Identified the +9 dagger of Fewn {freeze, MP-9 Dex+2 SInv}
 27831 | Spider:2 | Reached skill level 20 in Unarmed Combat
 28557 | Spider:3 | Found a frozen archway.
 28725 | Spider:3 | Reached XP level 17. HP: 120/156 MP: 22/27
 29422 | Swamp:4  | Entered Level 4 of the Swamp
 29557 | Swamp:4  | Reached skill level 21 in Unarmed Combat
 30001 | Swamp:4  | Noticed Donald
 30545 | Swamp:4  | Noticed the 27-headed Lernaean hydra
 30720 | Swamp:4  | Killed Donald
 30897 | Swamp:4  | Killed the 27-headed Lernaean hydra
 30949 | Swamp:4  | Got a decaying rune of Zot
 31281 | Spider:3 | Learned a level 5 spell: Manifold Assault
 31282 | Spider:4 | Entered Level 4 of the Spider Nest
 31457 | Spider:4 | Reached skill level 22 in Unarmed Combat
 31660 | Spider:4 | Reached XP level 18. HP: 163/163 MP: 30/30
 31866 | Spider:4 | Noticed Smoke131's ghost (adept OgGl)
 31875 | Spider:4 | Found a transporter.
 31878 | Spider:4 | Found a transporter.
 31994 | Spider:4 | Reached skill level 15 in Transmutations
 32037 | Spider:4 | Identified the +0 hat "Aseun" {Dex+3}
 32688 | Spider:4 | Got a gossamer rune of Zot
 32958 | Vaults:1 | Entered Level 1 of the Vaults
 33193 | Vaults:1 | Reached skill level 1 in Translocations
 34962 | Vaults:2 | Reached skill level 5 in Translocations
 35111 | Vaults:2 | Reached XP level 19. HP: 171/172 MP: 28/32
 35168 | Vaults:2 | Reached skill level 23 in Unarmed Combat
 35541 | Vaults:2 | Identified the +2 pair of boots of Qipteimi {Rampage +Inv}
 36791 | Vaults:3 | Found a glowing golden altar of the Shining One.
 36793 | Vaults:3 | Found a glowing silver altar of Zin.
 36802 | Vaults:3 | Found a crumbling gateway.
 36804 | Vaults:3 | Found a white marble altar of Elyvilon.
 36859 | Desolati | Entered the Desolation of Salt
 37286 | Desolati | Found the +9 scales of the Dragon King {rPois rF+ rC+
                  | Will+}
 37302 | Desolati | Identified the amulet "Qofuff" {Faith Rampage Dex+5}
 37318 | Desolati | Got Khufu's Anthology of Diablerie
 37547 | Desolati | Got the Atlas of Hexes
 37573 | Desolati | Identified the amulet of the Stag {Reflect rPois rC+++ rN+
                  | Dex-5 SH+5}
 37713 | Desolati | Got Giutow's Incunabulum of the Quantum Tempest
 37880 | Desolati | Identified the +0 falchion of Valiance {holy, +Blink}
 37988 | Vaults:3 | Noticed a bone dragon
 38001 | Vaults:3 | Killed a bone dragon
 38004 | Vaults:3 | Found a staircase to the Crypt.
 38324 | Vaults:3 | Found a transporter.
 38343 | Vaults:3 | Found a transporter.
 38426 | Vaults:3 | Reached XP level 20. HP: 181/187 MP: 27/33
 39229 | Vaults:3 | Reached skill level 24 in Unarmed Combat
 39898 | Vaults:4 | Reached skill level 10 in Translocations
 41006 | Vaults:4 | Found Niqal's Distillery.
 41096 | Abyss:2  | Cast into level 2 of the Abyss (a wizard)
 41362 | Abyss:3  | Found an opulent altar of Gozag.
 41511 | Abyss:3  | Found a corrupted altar of Lugonu.
 41683 | Vaults:4 | Escaped the Abyss
 42351 | Elf:1    | Entered Level 1 of the Elven Halls
 42383 | Elf:1    | Learned a level 5 spell: Irradiate
 42892 | Elf:1    | Reached XP level 21. HP: 188/199 MP: 30/34
 42904 | Elf:1    | Got Dispater's Octavo of Outbursts
 42905 | Elf:1    | Identified the +4 long sword "Neprom" {vorpal, rN+ Str-4
                  | Int+9 SInv}
 43200 | Elf:1    | Paralysed by an air elemental for 1 turns
 43205 | Elf:1    | Paralysed by an air elemental for 1 turns
 43511 | Elf:2    | Found Xegy's Antique Armour Shop.
 43567 | Elf:2    | Acquired 451 gold pieces
 43569 | Elf:2    | Acquired the +0 pair of boots of Atheism {Will+}
 43800 | Elf:2    | Found a runed translucent gate.
 43801 | Elf:2    | Found a runed translucent gate.
 43801 | Elf:2    | Found a runed translucent gate.
 44205 | Elf:3    | Entered Level 3 of the Elven Halls
 44218 | Elf:3    | Paralysed by an air elemental for 1 turns
 44374 | Elf:3    | Identified the +1 cloak of Pongeche {Rampage Drain rN+++
                  | Slay+2}
 45308 | Elf:3    | Reached skill level 10 in Spellcasting
 45309 | Elf:3    | Reached skill level 25 in Unarmed Combat
 45579 | Elf:3    | Identified the +6 broad axe of Change {vorpal, Str+8}
 45579 | Elf:3    | Identified the ring of Zyomich {*Corrode +Blink rN+ Str+6}
 45866 | Elf:3    | Identified the +1 crystal plate armour of the Maze {Rampage
                  | rF+ rCorr}
 45871 | Elf:3    | Identified the ring "Lusuzesh" {MP+9 Str+4}
 45885 | Elf:3    | Identified the ring of Xuseelus {rPois Str+2 Dex+6}
 46184 | Depths:1 | Entered Level 1 of the Depths
 46460 | Depths:1 | Noticed the Enchantress
 46623 | Depths:1 | Killed the Enchantress
 46851 | Depths:1 | Noticed Asterion
 46857 | Depths:1 | Killed Asterion
 46992 | Depths:1 | Found a shadowy altar of Dithmenos.
 47209 | Depths:1 | Learned a level 7 spell: Storm Form
 47264 | Depths:1 | Found a gateway to Hell.
 47269 | Depths:1 | Reached skill level 1 in Air Magic
 47400 | Depths:1 | Found a one-way gate to the infinite horrors of the Abyss.
 47417 | Depths:1 | Found Caqighue's Weapon Shop.
 47418 | Depths:1 | Found a radiant altar of Vehumet.
 47460 | Depths:1 | You fall into a shaft and drop 1 floor!
 47512 | Depths:2 | Reached XP level 22. HP: 131/211 MP: 36/36
 47753 | Depths:1 | Found Zyhaletea's Magic Scroll Shoppe.
 47787 | Depths:1 | Found a one-way gate leading to the halls of Pandemonium.
 48186 | Depths:1 | Found Teneq's Magic Scroll Shop.
 48360 | Depths:1 | Acquired 616 gold pieces
 48581 | Depths:2 | Identified the +6 short sword of Iratiupu {freeze, rF+
                  | Int+3}
 49070 | Depths:2 | Found a white marble altar of Elyvilon.
 49255 | Depths:2 | Reached skill level 5 in Air Magic
 49995 | Depths:3 | Reached skill level 26 in Unarmed Combat
 50484 | Depths:4 | Entered Level 4 of the Depths
 50794 | Abyss:3  | Cast into level 3 of the Abyss (a deep elf sorcerer)
 50903 | Abyss:3  | Got an abyssal rune of Zot
 50947 | Depths:4 | Escaped the Abyss
 50956 | Depths:4 | Noticed a caustic shrike
 50957 | Depths:4 | Noticed a caustic shrike
 51204 | Depths:4 | Found a portal to a secret trove of treasure.
 51210 | Depths:4 | Noticed a golden dragon
 51212 | Depths:4 | Killed a golden dragon
 51297 | Depths:4 | Noticed a golden dragon
 51299 | Depths:4 | Found a gate to the Realm of Zot.
 51303 | Depths:4 | Killed a golden dragon
 51517 | Depths:4 | Noticed a caustic shrike
 51522 | Depths:4 | Killed a caustic shrike
 51526 | Depths:4 | Killed a caustic shrike
 51527 | Depths:4 | Killed a caustic shrike
 51528 | Depths:4 | Reached XP level 23. HP: 223/223 MP: 16/37
 51761 | Depths:4 | Found a one-way gateway to a ziggurat.
 51808 | Zot:1    | Entered Level 1 of the Realm of Zot
 52215 | Zot:1    | Reached skill level 10 in Air Magic
 53261 | Zot:2    | Reached skill level 27 in Unarmed Combat
 54394 | Zot:3    | Noticed a Killer Klown
 54395 | Zot:3    | Noticed a Killer Klown
 54410 | Zot:3    | Killed a Killer Klown
 54413 | Zot:3    | Killed a Killer Klown
 54662 | Zot:4    | Identified the ring of Udipeso {Ice rN+}
 54662 | Zot:4    | Noticed Josephina
 54665 | Zot:4    | Killed Josephina
 54666 | Zot:4    | Noticed a curse toe
 54668 | Zot:4    | Killed a curse toe
 55136 | Zot:4    | Reached skill level 10 in Dodging
 55319 | Zot:4    | Noticed a curse toe
 55321 | Zot:4    | Killed a curse toe
 55677 | Zot:5    | Entered Level 5 of the Realm of Zot
 55688 | Zot:5    | Reached XP level 24. HP: 236/236 MP: 13/38
 56138 | Zot:5    | Noticed a Killer Klown
 56145 | Zot:5    | Killed a Killer Klown
 56385 | Zot:5    | Noticed a Killer Klown
 56388 | Zot:5    | Noticed a Killer Klown
 56389 | Zot:5    | Noticed a Killer Klown
 56391 | Zot:5    | Killed a Killer Klown
 56394 | Zot:5    | Noticed a Killer Klown
 56402 | Zot:5    | Gained mutation: You occasionally lose the ability to read
                  | scrolls when taking damage. [mutagenic glow]
 56409 | Abyss:3  | Cast into level 3 of the Abyss (Killer Klown)
 56414 | Abyss:3  | Gained mutation: Your body sometimes deteriorates upon
                  | taking damage. [mutagenic glow]
 56542 | Zot:5    | Escaped the Abyss
 56550 | Zot:5    | Killed a Killer Klown
 56554 | Zot:5    | Killed a Killer Klown
 56557 | Zot:5    | Killed a Killer Klown
 56584 | Zot:5    | Noticed a Killer Klown
 56587 | Zot:5    | Noticed an orb of fire
 56590 | Zot:5    | Killed an orb of fire
 56591 | Zot:5    | Killed a Killer Klown
 56694 | Zot:5    | Lost mutation: Your body sometimes deteriorates upon taking
                  | damage. [potion of mutation]
 56694 | Zot:5    | Lost mutation: You occasionally lose the ability to read
                  | scrolls when taking damage. [potion of mutation]
 56694 | Zot:5    | Gained mutation: You are somewhat resistant to further
                  | mutation. [potion of mutation]
 56711 | Zot:5    | Noticed an ancient lich
 56716 | Zot:5    | Killed an ancient lich
 56723 | Zot:5    | Noticed a Killer Klown
 56724 | Zot:5    | Noticed a Killer Klown
 56725 | Zot:5    | Noticed a Killer Klown
 56729 | Zot:5    | Noticed a Killer Klown
 56732 | Zot:5    | Killed a Killer Klown
 56734 | Zot:5    | Noticed an orb of fire
 56737 | Zot:5    | Killed an orb of fire
 56737 | Zot:5    | Killed a Killer Klown
 56739 | Zot:5    | Killed a Killer Klown
 56740 | Zot:5    | Killed a Killer Klown
 57211 | Zot:5    | Got the Orb of Zot
 57763 | D:8      | Noticed Psyche
 57874 | D:$      | Escaped with the Orb!

Illustrated notes

Levels and vault maps discovered:
D:1:      lightli_arrival_quake, layout_basic
D:2:      layout_basic, minmay_unequal, uniq_terence
D:3:      cheibrodos_greedy_goblins, layout_basic, uniq_jessica, uniq_grinder
D:4:      layout_basic, jmf_multi_god_temple, minmay_circle_x,
          uniq_blork_the_orc, uniq_robin, uniq_eustachio, uniq_edmund
D:5:      layout_basic, kennysheep_mini_moat, amcnicky_altar_gilded,
          serial_shops, nicolae_shop_advertising_works
          [nicolae_subvault_shop_adworks]
D:6:      layout_rooms, lemuel_doored_altar, minmay_temple_entry_from_below_a,
          uniq_sigmund, uniq_pikel, uniq_maggie, uniq_prince_ribbit1
D:7:      layout_basic, zin_angel, gammafunk_temple_overflow_claw, serial_shops,
          shop, kennysheep_generic_room_4
D:8:      layout_loops_ring, guppyfry_shop_venom, uniq_maurice, uniq_psyche
D:9:      layout_basic, grunt_temple_overflow_champion_of_chaos, tso_altar,
          dpeg_oklobed_lair, serial_shops, shop
D:10:     layout_small_grid, kennysheep_okawaru_gauntlet
D:11:     layout_basic, serial_co_window_serial, co_window_paths_a,
          co_window_paths_a, co_window_corner_a, co_window_paths_a,
          co_window_corner_a, co_window_corner_cb, co_window_of_opportunity_b,
          co_window_paths_c, co_window_corner_b, co_window_paths_c,
          co_window_corner_cb, co_window_4corner_b
D:12:     due_chaos_kobolds, layout_loops_ring, zombieorc2_lemuel,
          biasface_ghost_orc_armoury, chequers_serial_rivers_small_b, drop_trap
D:13:     layout_irregular_city
D:14:     layout_basic, david_vaults_2, minmay_misc_feat_x
D:15:     grunt_enter_depths_snipers, layout_loops_corners, serial_park_square2
Temple:   compressed_dpeg_triangle_lava_temple
Lair:1:   layout_small_grid, special_room [special_room_bee], uniq_fannar
Lair:2:   layout_cave_pods, spider_nest_entry_webs
Lair:3:   layout_small_grid, swamp_mist, grunt_megastairs_1
Lair:4:   layout_roguey, minmay_slime_entry_pillars, uniq_kirke
Lair:5:   cheibrodos_lair_end_hotspot, layout_cave_shapes, special_room
          [special_room_jelly]
Swamp:1:  layout_basic_swamp, evilmike_swamp_ruin_house_4, uniq_louise,
          uniq_jorgrun
Swamp:2:  layout_basic_swamp, wheals_swamp_sinkhole
Swamp:3:  layout_falls_marsh, hangedman_swamp_ruin_wall
Swamp:4:  grunt_swamp_rune_castle, layout_basic_swamp,
          nicolae_swamp_bunyip_nook, uniq_donald
Spider:1: layout_spider_delve
Spider:2: layout_spider_delve, hangedman_spider_tarantella_strand
Spider:3: nicolae_spider_mines_3, portal_ice_cave_entry_pillars_1,
          hellmonk_spider_spawner
Spider:4: hellmonk_spider_rune_bug_friends, gammafunk_ghost_arena,
          hellmonk_motheaten_closet
Orc:1:    layout_caves, uniq_gastronok
Orc:2:    kennysheep_orc_mage_school, layout_caves, gammafunk_ghost_necromancy,
          serial_shops, nicolae_square_shop
Elf:1:    minmay_elf_arrival_circle, layout_onion_city, minmay_elf_annihilation
Elf:2:    nicolae_elf_blades_crystal_corner, layout_geoelf_diagonals,
          serial_shops, shop
Elf:3:    elf_hall_gauntlet_wide, layout_geoelf_castle
Vaults:1: nicolae_vaults_asterisk, st_smaller_cells,
          vaults_standard_mumra_enter_the_diamond,
          nicolae_vaults_little_squares_3, vaults_mumra_minichess,
          layout_vaults_omnigrid
Vaults:2: v_rooms_2, nicolae_vaults_disjoint_gnomons, dpeg_vaults_waves,
          hangedman_vaults_corner, vaults_mumra_hexcomb,
          nicolae_vaults_rhombus_7, layout_vaults_chaotic_city
Vaults:3: portal_desolation_entry_holy_temple, minmay_crypt_entry_nasty_monster,
          v_misc_10, grunt_vaults_hallway_long, ontoclasm_vaults_eye,
          vaults_room_semicircle, gammafunk_sealed_arena,
          ontoclasm_vaults_ring_large, vaults_mumra_minichess_inversion,
          hangedman_vaults_stream, nicolae_vaults_network_quinsquares
          [nicolae_vaults_network_quincunx_subvault,
          nicolae_vaults_network_quincunx_subvault,
          nicolae_vaults_network_quincunx_subvault,
          nicolae_vaults_network_quincunx_subvault],
          ontoclasm_vaults_decontamination, v_misc_31, nicolae_vaults_little_ls,
          layout_vaults_ring
Vaults:4: vaults_mumra_lcd, vaults_room_pools, vaults_room_door_hall,
          grunt_vaults_swirl, ontoclasm_vaults_ring_large,
          hangedman_vaults_trim, vaults_room_door_hall, grunt_vaults_funnel,
          vaults_dpeg_encased_lava, hangedman_vaults_stretched_pinwheel,
          vaults_mumra_hex, nicolae_vaults_gold_heap, layout_vaults_omnicross,
          serial_shops, nicolae_shop_trees
Depths:1: layout_gridlike, nicolae_dithmenos_through_a_glass_darkly,
          grunt_mini_vestibule, rand_demon_pan_entry_8, serial_shops,
          nicolae_shop_hallway_plus, nicolae_shop_behind_doors,
          nicolae_shop_waterfront, abyss_entry, fountainhead,
          serial_bayou_lagoon_a, nicolae_vehumet_radiance, uniq_enchantress,
          uniq_asterion
Depths:2: minmay_tri_stars, layout_basic, pf_hell_entry_tar_river,
          elyvilon_altar_3, rand_demon_pan_entry_7
Depths:3: cheibrodos_quadrivalence, layout_basic, abyss_entry,
          grunt_hell_entry_dis_mu
Depths:4: grunt_crosshair, layout_cross, enter_ziggurat_f,
          nicolae_trove_entry_isolated, nicolae_abyss_entry_one_way_or_another,
          hell_entry, uniq_margery
Zot:1:    layout_gridlike
Zot:2:    layout_onion
Zot:3:    grunt_zot_stairs_faceoff, layout_misc_corridors
Zot:4:    layout_misc_corridors, grunt_megastairs_4, uniq_josephina
Zot:5:    layout_basic

Skill      XL: |  1  2  3  4  5  6  7  8  9 10 11 12 13 14 15 16 17 18 19 20 21 22 23 24 |
---------------+-------------------------------------------------------------------------+-----
Transmutations | 3 4 6 7 9 11 13 14 16 | 16.0
Spellcasting   | 3 4 7 8 9 10 11 12 | 12.5
Unarmed Combat | 4 6 8 10 11 12 14 16 17 18 19 20 22 23 24 25 26 27 | 27.0
Ice Magic      | 2 4 5 |  5.0
Fighting       | 2 5 8 11 14 15 16 17 19 20 22 23 24 | 24.3
Dodging        | 4 7 9 10 11 | 11.8
Stealth        | 3 6 7 |  7.3
Translocations | 5 8 10 12 | 12.0
Air Magic      | 2 9 11 13 | 13.4

Action                   |  1- 3 |  4- 6 |  7- 9 | 10-12 | 13-15 | 16-18 | 19-21 | 22-24 || total
-------------------------+-------+-------+-------+-------+-------+-------+-------+-------++-------
Melee: Unarmed           |   133 |   172 |   329 |   635 |  1121 |  1306 |  1445 |   912 ||  6053
       Kick              |     9 |     4 |       |       |     4 |       |       |       ||    17
       Tailslap          |    10 |    12 |    35 |    25 |   145 |   241 |   277 |   148 ||   893
       Headbutt          |     4 |     2 |       |       |     1 |       |       |       ||     7
       Punch             |     1 |     5 |     7 |     6 |   111 |   208 |   253 |   146 ||   737
       Bite              |       |       |       |       |       |     2 |    33 |    87 ||   122
 Cast: Beastly Appendage |    11 |     2 |       |       |     1 |       |       |       ||    14
       Wereblood         |     1 |     2 |     3 |     8 |     4 |     1 |     1 |       ||    20
       Spider Form       |       |     3 |    10 |       |       |       |       |       ||    13
       Ice Form          |       |       |     1 |    39 |    27 |    13 |     1 |       ||    81
       Blade Hands       |       |       |       |       |    48 |    76 |    73 |     4 ||   201
       Dragon Form       |       |       |       |       |       |     1 |    22 |    67 ||    90
       Manifold Assault  |       |       |       |       |       |       |    58 |    94 ||   152
       Storm Form        |       |       |       |       |       |       |       |     1 ||     1
Invok: Lunge             |       |       |     6 |    42 |   109 |   100 |    61 |   106 ||   424
       Whirlwind         |       |       |       |    92 |   246 |   397 |   308 |   124 ||  1167
       Serpent's Lash    |       |       |       |     1 |     7 |    19 |    13 |     5 ||    45
 Abil: Breathe Steam     |       |       |    11 |     7 |     4 |       |     1 |       ||    23
       End Transformatio |       |       |       |       |     4 |     3 |       |     1 ||     8
Evoke: Wand              |       |     2 |       |       |     1 |     2 |       |       ||     5
  Use: Scroll            |       |     2 |       |    18 |    12 |     2 |     3 |     7 ||    44
       Potion            |       |       |       |     1 |     1 |     4 |     1 |     1 ||     8
 Stab: Sleeping          |     1 |     1 |     2 |     3 |     8 |    12 |    18 |     8 ||    53
       Distracted        |       |       |       |       |     1 |     2 |     2 |     7 ||    12
       Confused          |       |       |       |       |       |     1 |       |       ||     1
Armor: Skin              |    60 |    81 |   125 |   169 |   257 |   297 |   243 |   129 ||  1361
Dodge: Dodged            |    94 |   101 |   260 |   400 |   574 |   795 |   526 |   238 ||  2988
Block: Other             |    19 |     6 |       |       |       |       |       |       ||    25
